AoeStats
← Kafricanos

Arabia

509126320Analyzed
1v1 RM · 5d ago on Sep 25, 2026· 51m 44s· 2 players
Game mode
Random Map
Map size
Tiny (2 player)
Population
200
Speed
Normal
Resources
Standard
Victory
Conquest
Starting age
Dark Age
Ending age
Imperial Age
RankedLock teamsTeams togetherTeam positionsShared explorationLock speedFull tech treeHidden civsTurbo modeCheats
Victory
Defeat
🇩🇪 Celts · Germany
1230
+17
🇬🇷 Teutons · Greece
1254
-17
abracula
2:26 Loom
6:31 Loom
9:28 Feudal Age
10:16 Double-Bit Axe
10:26 Horse Collar
15:58 Wheelbarrow
19:00 Castle Age
17:17 Stone Mining
17:41 Fletching
19:48 Heavy Plow
19:59 Bow Saw
20:24 Scale Barding Armor
24:23 Chain Barding Armor
23:59 Bodkin Arrow
24:10 Husbandry
26:49 Hand Cart
29:15 Forging
29:26 Town Watch
35:08 Imperial Age
33:44 Scale Mail Armor
34:19 Iron Casting
34:42 Chain Mail Armor
34:57 Stronghold
36:37 Conscription
37:06 Plate Mail Armor
37:37 Blast Furnace
38:38 Blast Furnace
37:22 Elite Woad Raider
38:42 Padded Archer Armor
39:36 Stone Shaft Mining
38:52 Gold Mining
39:50 Arson
41:09 Chemistry
40:15 Siege Engineers
40:31 Ballistics
40:22 Masonry
41:50 Leather Archer Armor
42:43 Hoardings
41:36 Elite Skirmisher
43:28 Ring Archer Armor
43:09 Murder Holes
44:32 Man-at-Arms
44:59 Gambesons
47:34 Furor Celtica
47:06 Pikeman
48:12 Halberdier
51:55 Fervor
Kafricanos
6:41 Loom
9:08 Feudal Age
10:28 Double-Bit Axe
15:53 Fletching
21:18 Castle Age
21:34 Gold Mining
21:26 Horse Collar
21:21 Crossbowman
22:13 Bow Saw
22:02 Bodkin Arrow
26:16 Wheelbarrow
27:28 Padded Archer Armor
29:57 Heavy Plow
30:57 Ballistics
30:38 Pikeman
31:38 Squires
31:43 Scale Mail Armor
34:31 Imperial Age
32:03 Stone Mining
34:16 Stone Shaft Mining
34:41 Chain Mail Armor
34:38 Forging
34:37 Halberdier
36:34 Chemistry
36:04 Hand Cart
36:45 Plate Mail Armor
36:51 Iron Casting
39:24 Two-Man Saw
39:17 Conscription
41:41 Leather Archer Armor
45:31 Ring Archer Armor
45:38 Elite Skirmisher
48:07 Bloodlines
Connection lost

Rejoining the realm…

Still unreachable

The connection could not be restored.

Session expired

The server has moved on; the page needs a fresh start.